 Dungeon Crawl Stone Soup version 0.31-a0-1447-g87ca8d402b (webtiles) character file.

Game seed: 7017539382514305247

188 Sobieck the Changeling (level 5, -5/41 HPs)
             Began as a Merfolk Shapeshifter on Dec 27, 2023.
             Slain by a scorpion (7 damage)
             ... on level 4 of the Dungeon.
             The game lasted 00:04:42 (3251 turns).

Sobieck the Changeling (Merfolk Shapeshifter)       Turns: 3251, Time: 00:04:42

Health: -5/41      AC:  2    Str: 16    XL:     5   Next: 67%
Magic:  5/5        EV: 12    Int:  9    God:
Gold:   113        SH:  0    Dex: 14    Spells: 4/4 levels left

rFire   . .          .
                       - Unarmed
rCold   + . .        (no shield)
rNeg    . . .        a - +0 animal skin
rPois   .            (helmet currently unavailable)
rElec   .            (cloak currently unavailable)
rCorr   .            (gloves currently unavailable)
SInv    .            (boots currently unavailable)
Will    .....        (no amulet)
Stlth   ++           c - ring of protection from cold
HPRegen 0.26/turn    (no ring)
MPRegen 0.09/turn

%: no passive effects
@: lethally poisoned (-5 -> -11), beast-form
A: beast (slay +2), (nimble swimmer 2), mertail
a: Begin Untransformation


You were on level 4 of the Dungeon.
You were a hulking beast.
You visited 1 branch of the dungeon, and saw 4 of its levels.

You collected 113 gold pieces.

Inventory:

Missiles
 t - 5 boomerangs
Armour
 a - a +0 animal skin (worn)
 b - a +0 pair of gloves
Jewellery
 c - a ring of protection from cold (left hand)
 h - a ring of magical power
Talismans
 d - a flux talisman
 e - a beast talisman
Scrolls
 g - a scroll of noise {unknown}
 i - a scroll of vulnerability {unknown}
 j - a scroll of fear {unknown}
 k - a scroll of identify {unknown}


   Skills:
 + Level 3.0 Fighting
 - Level 2.6 Dodging
 + Level 2.9 Stealth
 + Level 4.4 Unarmed Combat
 + Level 5.1 Shapeshifting


You had 4 spell levels left.
You didn't know any spells.
Your spell library contained the following spells:

 Spells                   Type           Power      Damage    Failure   Level
 Magic Dart               Conj           0%         1d3       38%         1
 Blink                    Tloc           0%         N/A       52%         2
 Call Imp                 Summ           0%         N/A       52%         2
 Animate Armour           Summ/Erth      0%         N/A       99%         4
 Summon Lightning Spire   Summ/Air       0%         N/A       99%         4
 Lee's Rapid Deconstruct  Erth           0%         3d4*      100%        5
 Chain Lightning          Conj/Air       0%         N/A       100%        9
 Fire Storm               Conj/Fire      0%         5d1       100%        9
 Shatter                  Erth           0%         3d5*      100%        9


Dungeon Overview and Level Annotations

Branches:
Dungeon (4/15)
 Temple: D:4-7

Altars:

Annotations:
D:3 Sigmund


Innate Abilities, Weirdness & Mutations

You are a hulking beast.
Your limbs bulge with bestial killing power. (Slay +2)
((You are very nimble when in or above water. (Stealth+, EV+, Speed+++)))
Your lower body shifts to a powerful aquatic tail in water.


Message History

The orc priest invokes the aid of Beogh against you.
Beogh smites you!
A scorpion comes into view.
You hit the orc.
The orc is heavily wounded.
The orc misses you.
An adder comes into view.
You hit the orc.
You kill the orc!
The orc priest looks satisfied for a moment.
The orc priest barely misses you.
You see here a gluggy blue potion.
You barely miss the orc priest. You punch the orc priest.
The orc priest is heavily wounded.
The orc priest misses you.
You hit the orc priest but do no damage.
The orc priest is heavily wounded.
The orc priest hits you with a +0 club. The scorpion stings you.
You are too injured to fight recklessly!
You are too injured to fight recklessly!
You are too injured to fight recklessly!
Unknown command.
You punch the orc priest!
You kill the orc priest!
The scorpion barely misses you.
Your Fighting skill increases to level 3!
You miss the adder. The adder bites you. The scorpion stings you.
Unknown command.
You completely miss the scorpion. The adder bites you.
You are poisoned.
The adder poisons you! The scorpion closely misses you.
You hit the scorpion.
The scorpion is moderately wounded.
You feel sick. The adder bites you.
* * * LOW HITPOINT WARNING * * *
You are more poisoned.
The adder poisons you! The scorpion stings you.
* * * LOW HITPOINT WARNING * * *
You hit the scorpion but do no damage.
The scorpion is moderately wounded.
* * * LOW HITPOINT WARNING * * *
You feel sick. The adder bites you but does no damage.
The scorpion stings you but does no damage.
Unknown command.
It was a potion of cancellation.
You feel magically purged.
* * * LOW HITPOINT WARNING * * *
You feel sick. The adder bites you.
* * * LOW HITPOINT WARNING * * *
The scorpion stings you!
You die...

.... ... ..... ....
....... .... .......
..... .......#
##.....
.......##.......
.........S......
..#.........hs..!...
...........$....#...
#.......#.......#..
.#......##...........
........##...........
........#...........#
#...............##..#
#.......)......## ...
#...#.........# #.


You could see a scorpion and an adder.

Vanquished Creatures
  An orc priest (D:4)
  An orc wizard (D:4)
  Terence (D:3)
  4 adders
  11 orcs
  7 endoplasms
  6 giant cockroaches
  6 goblins
  3 hobgoblins
  6 kobolds
  5 ball pythons
  5 bats
  5 frilled lizards
  8 rats
69 creatures vanquished.

Notes
Turn   | Place    | Note
-------+----------+-------------------------------------------
     0 | D:1      | Sobieck the Merfolk Shapeshifter began the quest for the
                  | Orb.
     0 | D:1      | Reached XP level 1. HP: 15/15 MP: 1/1
   126 | D:1      | Reached XP level 2. HP: 21/21 MP: 2/2
   233 | D:1      | Reached skill level 1 in Stealth
  1188 | D:2      | Reached XP level 3. HP: 25/27 MP: 3/3
  2193 | D:3      | Noticed Terence
  2204 | D:3      | Reached XP level 4. HP: 33/33 MP: 4/4
  2212 | D:3      | Killed Terence
  2298 | D:3      | Noticed Sigmund
  2905 | D:3      | Reached XP level 5. HP: 38/39 MP: 5/5
  3172 | D:4      | Reached skill level 5 in Shapeshifting
  3247 | D:4      | Reached skill level 3 in Fighting
  3251 | D:4      | HP: 2/41 [adder (1)]
  3251 | D:4      | Slain by a scorpion

Illustrated notes

Levels and vault maps discovered:
D:1:      sevenhm_arrival_forest_fort_small_6, layout_loops_corners
D:2:      layout_loops_corners
D:3:      minmay_skewed_foursquare, layout_basic, uniq_sigmund, uniq_terence
D:4:      minmay_chambers_of_threes, layout_cave_pools,
          mainiacjoe_overflow_alcove_1

Skill      XL: |  1  2  3  4  5 |
---------------+----------------+-----
Stealth        | 1 2 |  2.9
Fighting       | 2 3 |  3.0
Unarmed Combat | 4 |  4.4
Shapeshifting  | 5 |  5.1
Dodging        | |  2.6

Action                     |  1- 3 |  4- 6 || total
---------------------------+-------+-------++-------
  Melee: Unarmed           |    87 |    82 ||   169
         Punch             |     3 |     4 ||     7
    Use: Potion            |       |     3 ||     3
   Stab: Sleeping          |     8 |     1 ||     9
 Armour: Animal skin       |    39 |    49 ||    88
         Skin              |       |    30 ||    30
  Dodge: Dodged            |    46 |    46 ||    92

Table legend: (Time is in decaauts)
 A = Elapsed time spent in this place.
 B = Non-inter-level travel time spent in this place.
 C = Inter-level travel time spent in this place.
 D = Time resting spent in this place.
 E = Time spent auto-exploring this place.
 F = Levels seen in this place.
 G = Mean time per level.
                   A        B        C        D        E       F      G
               +--------+--------+--------+--------+--------+-----+--------+
         Total |   3240 |   3023 |    217 |    418 |   2083 |   4 |  810.0 |
       Dungeon |   3240 |   3023 |    217 |    418 |   2083 |   4 |  810.0 |
               +--------+--------+--------+--------+--------+-----+--------+

Top non-repeatable levels by time:
     D:2: 1176 daAuts
     D:1: 1086 daAuts
     D:3: 888 daAuts
     D:4: 88 daAuts
